 Dungeon Crawl Stone Soup version 0.19-a0-38-ga776ef0 (webtiles) character file.

21827 zxpr0jk the Frost Mage (level 12, 0/81 HPs)
             Began as a Green Draconian Ice Elementalist on May 4, 2016.
             Was a High Priest of Dithmenos.
             Slain by a blink frog (2 damage)
             ... on level 4 of the Lair of Beasts.
             The game lasted 01:15:01 (17912 turns).

zxpr0jk the Frost Mage (DrIE)                      Turns: 17912, Time: 01:15:02

Health: 0/81       AC: 18    Str: 14    XL:     12   Next: 57%
Magic:  22/28      EV: 13    Int: 19    God:    Dithmenos [*****.]
Gold:   941        SH:  8    Dex: 23    Spells: 5 memorised, 20 levels left

rFire  . . .     SeeInvis +     O - +9 dagger of Demonkind {freeze, +Inv Str+2}
rCold  . . .     Gourm    .     (armour unavailable)
rNeg   . . .     Faith    .     X - +0 shield
rPois  +         Spirit   .     (helmet restricted)
rElec  .         Dismiss  +     E - +0 cloak
rCorr  .         Reflect  .     B - +0 pair of gloves (curse)
SustAt .         Harm     .     D - +0 pair of boots
MR     +....                    d - amulet of dismissal
Stlth  +++++.....               H - +5 ring of dexterity
                                N - +6 ring of intelligence

@: lethally poisoned (0 -> 0), icy armour, flying, very slightly contaminated,
wreathed by umbra, slow, somewhat resistant to hostile enchantments, quite
stealthy
A: breathe noxious fumes, unfitting armour, big wings, horns 1, see invisible,
dopey 1, magic resistance 1, poison resistance, regeneration 1, screaming 1,
strong 1, evolution 1, cold-blooded, AC +8
a: Breathe Noxious Fumes, Stop Flying, Shadow Step, Shadow Form, Renounce
Religion, Evoke Invisibility


You were on level 4 of the Lair of Beasts.
You worshipped Dithmenos.
Dithmenos was extremely pleased with you.
You were very hungry.

You visited 3 branches of the dungeon, and saw 17 of its levels.

You collected 941 gold pieces.

Inventory:

Hand Weapons
 v - a +0 greatsling
 C - the +9 mace of Untruth {crush, MR- MP+9 Dex-4 Stlth+}
   (You found it on level 3 of the Lair of Beasts)

   It inflicts extra damage upon your enemies.
   It affects your dexterity (-4).
   It affects your resistance to hostile enchantments.
   It affects your magic capacity (+9).
   It makes you more stealthy.
 M - a +1 blowgun
 O - the +9 dagger of Demonkind (weapon) {freeze, +Inv Str+2}
   (You found it on level 11 of the Dungeon)

   It has been specially enchanted to freeze those struck by it, causing extra
   injury to most foes and up to half again as much damage against particularly
   susceptible opponents.
   It can also slow down cold-blooded creatures.
   It affects your strength (+2).
   It lets you turn invisible.
Missiles
 o - 5 needles of frenzy
 I - 14 poisoned needles
 K - 21 sling bullets (quivered)
Armour
 B - a cursed +0 pair of gloves (worn)
 D - a +0 pair of boots (worn)
 E - a +0 cloak (worn)
 X - a +0 shield (worn)
Magical Staves
 p - an uncursed staff of poison
Jewellery
 c - an uncursed ring of protection from cold
 d - an amulet of dismissal (around neck)
 H - a +5 ring of dexterity (right hand)
 N - a +6 ring of intelligence (left hand)
 S - an uncursed ring of positive energy
Wands
 l - a wand of digging (11/24)
 u - a wand of disintegration (8/24)
Scrolls
 h - 12 scrolls of identify
 j - 5 scrolls of recharging
 n - 8 scrolls of remove curse
 r - 2 scrolls of enchant armour
 s - 3 scrolls of teleportation
 w - 2 scrolls of immolation {unknown}
 y - 2 scrolls of noise {unknown}
 L - a scroll of torment {unknown}
 R - a scroll of blinking {unknown}
 W - 7 scrolls of amnesia
Potions
 e - a potion of berserk rage {unknown}
 f - a potion of cure mutation
 g - 4 potions of might {unknown}
 k - a potion of flight {unknown}
 m - a potion of heal wounds
 q - 4 potions of curing
 t - a potion of brilliance
 A - a potion of cancellation {unknown}
 U - 2 potions of resistance {unknown}
Books
 a - a book of Frost

   Spells                             Type                      Level
   a - Freeze                         Ice                          1
   b - Throw Frost                    Conjuration/Ice              2
   c - Ozocubu's Armour               Charms/Ice                   3
   d - Throw Icicle                   Conjuration/Ice              4
   e - Summon Ice Beast               Ice/Summoning                4
 x - a book of the Sky

   Spells                             Type                      Level
   a - Summon Lightning Spire         Summoning/Air                4
   b - Airstrike                      Air                          4
   c - Silence                        Hexes/Air                    5
   d - Deflect Missiles               Charms/Air                   6
   e - Conjure Ball Lightning         Conjuration/Air              6
   f - Tornado                        Air                          9
 F - a book of Changes

   Spells                             Type                      Level
   a - Beastly Appendage              Transmutation                1
   b - Sticks to Snakes               Transmutation                2
   c - Spider Form                    Transmutation/Poison         3
   d - Ice Form                       Ice/Transmutation            4
   e - Blade Hands                    Transmutation                5
 G - a book of the Warp

   Spells                             Type                      Level
   a - Recall                         Summoning/Translocation      3
   b - Gell's Gravitas                Hexes/Translocation          3
   c - Force Lance                    Conjuration/Translocation    4
   d - Warp Weapon                    Charms/Translocation         5
   e - Summon Forest                  Summoning/Translocation      5
 J - an Akashic Record

   Spells                             Type                      Level
   a - Dispersal                      Translocation                6
   b - Malign Gateway                 Summoning/Translocation      7
   c - Disjunction                    Translocation                8
   d - Controlled Blink               Translocation                8
 P - a book of Annihilations

   Spells                             Type                      Level
   a - Poison Arrow                   Conjuration/Poison           6
   b - Chain Lightning                Conjuration/Air              8
   c - Lehudib's Crystal Spear        Conjuration/Earth            8
   d - Glaciate                       Conjuration/Ice              9
   e - Fire Storm                     Conjuration/Fire             9
 Y - a book of Battle

   Spells                             Type                      Level
   a - Infusion                       Charms                       1
   b - Shroud of Golubria             Charms/Translocation         2
   c - Song of Slaying                Charms                       2
   d - Spectral Weapon                Hexes/Charms                 3
   e - Regeneration                   Charms/Necromancy            3
 Z - a book of Beasts

   Spells                             Type                      Level
   a - Summon Butterflies             Summoning                    1
   b - Call Canine Familiar           Summoning                    3
   c - Summon Ice Beast               Ice/Summoning                4
   d - Summon Mana Viper              Hexes/Summoning              5
   e - Summon Hydra                   Summoning                    7
Comestibles
 b - 13 bread rations
 i - 6 meat rations
 Q - 20 fruits
 T - 3 beef jerkies
 V - a slice of pizza


   Skills:
 - Level 8.5 Short Blades
 + Level 4.9 Dodging
 - Level 5.3 Stealth
 - Level 12.0 Spellcasting
   Level 1.0 Conjurations
 - Level 12.7 Ice Magic


You had 20 spell levels left.
You knew the following spells:

 Your Spells              Type           Power        Failure   Level  Hunger
a - Freeze                Ice            ####         1%          1    None
b - Ozocubu's Armour      Chrm/Ice       #####...     12%         3    None
c - Summon Ice Beast      Ice/Summ       #####...     34%         4    ##.....
d - Warp Weapon           Chrm/Tloc      ##........   100%        5    ####...
e - Shroud of Golubria    Chrm/Tloc      ##........   67%         2    None


Dungeon Overview and Level Annotations

Branches:
Dungeon (12/15)            Temple (1/1) D:6            Lair (4/8) D:9
  Swamp: Lair:3-6    Shoals: Lair:3-6     Snake: Lair:3-6    Spider: Lair:3-6
    Orc: D:9-12

Altars:
Ashenzari
Cheibriados
Dithmenos
Elyvilon
Fedhas
Gozag
Makhleb
Nemelex Xobeh
Okawaru
Pakellas
Qazlal
Ru
Sif Muna
Trog
Vehumet
Xom
Yredelemnul
Zin
The Shining One

Annotations:
D:8 Gastronok
D:12 Rupert
Lair:4 Sonja


Innate Abilities, Weirdness & Mutations

You can breathe blasts of noxious fumes.
Your lurid green scales are hard (AC +8).
Your body does not fit into most forms of armour.
Your system is resistant to poisons.
You are cold-blooded and may be slowed by cold attacks.
Your large and strong wings let you fly indefinitely.
You have a pair of small horns on your head.
You have supernaturally acute eyesight.
You are dopey. (Int -2)
You are resistant to hostile enchantments.
Your natural rate of healing is unusually fast.
You occasionally shout uncontrollably at your foes.
Your muscles are strong. (Str +2)
You evolve.


Message History

You hit the blink frog.
The blink frog is lightly wounded.
The blink frog hits you! The blink frog misses you.
Wield which item (- for none, * to show all)? (? for menu, Esc to quit)
The +9 dagger of Demonkind {freeze, +Inv Str+2} glows with a cold blue light!.
O - the +9 dagger of Demonkind (weapon)
{freeze, +Inv Str+2} The blink frog hits you!
* * * LOW HITPOINT WARNING * * *
You are too injured to fight recklessly!
Casting: Ozocubu's Armour
Confirm with . or Enter, or press ? or * to list all spells.
You miscast Ozocubu's Armour.
You are very lightly contaminated with residual magic.
You feel sick. The blink frog hits you!
* * * LOW HITPOINT WARNING * * *
Unknown command.
Casting: Ozocubu's Armour
Confirm with . or Enter, or press ? or * to list all spells.
A film of ice covers your body! The blink frog hits you.
You die...

#.## ##(#
#P.## ## ##..#
.####.###..##
..........(.#
(..........(#
.........†.:#
+......@((..#
.......F....#
#...........#
.............#
##.+###.##.###
## ... ## #.?
...


You could see a blink frog.

Vanquished Creatures
  Erica (D:9)
  3 hill giants
  Pikel (D:7)
  A manticore (D:11)
  An oklob plant (Lair:3)
  The ghost of Mekire the Carver, a novice FoAK of Lugonu (D:9)
  2 black mambas (Lair:1)
  6 spiny frogs
  A centaur skeleton (D:11)
  3 komodo dragons
  5 trolls
  A two-headed ogre (D:9)
  6 blink frogs
  10 yaks
  A water elemental (D:11)
  A basilisk (Lair:1)
  7 hippogriffs
  A warg (D:12)
  9 water moccasins
  7 porcupines
  8 orc warriors
  2 ice beasts
  2 phantoms
  2 sky beasts
  A black bear (Lair:3)
  A wasp (D:10)
  8 ogres
  12 wolves
  A necrophage (D:9)
  5 centaurs
  5 crocodiles
  4 big kobolds
  A gnoll sergeant (D:6)
  8 giant frogs
  2 scorpions
  3 wyvern skeletons
  A water moccasin skeleton (D:9)
  3 killer bees (D:11)
  3 wights (D:6)
  9 electric eels
  4 howler monkeys (D:9)
  5 crimson imps
  2 centaur zombies
  2 giant frog zombies (D:11)
  A wasp zombie (D:7)
  3 hounds
  3 jellies
  13 orc priests
  Crazy Yiuf (D:7)
  A gnoll shaman (D:6)
  10 iguanas
  8 orc wizards
  3 hell rats
  10 worker ants
  3 worker ant zombies
  11 gnolls
  7 adders
  48 river rats
  2 shadow imps
  2 oozes
  2 adder skeletons
  A worm (D:2)
  4 dart slugs
  8 giant geckos
  41 orcs
  10 bats
  5 giant cockroaches
  4 goblins
  7 hobgoblins
  3 jackals (D:3)
  2 quokkas
  A giant gecko skeleton (D:4)
  3 giant newts
  32 kobolds
  31 rats
442 creatures vanquished.

Vanquished Creatures (others)
  An ogre (D:7)
  A giant gecko (D:7)
  2 orcs (D:7)
  A fungus (Lair:2)
  A plant (Lair:2)
6 creatures vanquished.

Grand Total: 448 creatures vanquished

Notes
Turn   | Place    | Note
--------------------------------------------------------------
     0 | D:1      | zxpr0jk the Draconian Ice Elementalist began the quest for the Orb.
     0 | D:1      | Reached XP level 1. HP: 14/14 MP: 3/3
   143 | D:1      | Reached XP level 2. HP: 20/20 MP: 5/5
   664 | D:1      | Reached XP level 3. HP: 24/26 MP: 1/6
  1015 | D:2      | Learned a level 3 spell: Ozocubu's Armour
  1389 | D:2      | Reached XP level 4. HP: 14/33 MP: 0/8
  1400 | D:2      | Learned a level 4 spell: Summon Ice Beast
  1457 | D:2      | Gained mutation: Your system is resistant to poisons. [potion of mutation]
  1457 | D:2      | Gained mutation: You tend to lose your temper in combat. [potion of mutation]
  1457 | D:2      | Gained mutation: You are resistant to electric shocks. [potion of mutation]
  1821 | D:2      | Found a faded altar to an unknown god.
  1865 | D:2      | Found a basalt altar of Yredelemnul.
  2958 | D:4      | Reached skill level 5 in Ice Magic
  2958 | D:4      | Reached XP level 5. HP: 24/38 MP: 3/9
  3316 | D:4      | Found a white marble altar of Elyvilon.
  3316 | D:4      | Found a glowing silver altar of Zin.
  3317 | D:4      | Found a glowing golden altar of the Shining One.
  3500 | D:5      | Entered Level 5 of the Dungeon
  3571 | D:5      | Noticed a phantom
  3613 | D:5      | Killed a phantom
  3613 | D:5      | Reached XP level 6. HP: 42/45 MP: 6/11
  3757 | D:5      | Found a sparkling altar of Nemelex Xobeh.
  3826 | D:5      | Found a blossoming altar of Fedhas.
  4475 | D:6      | Your scales start taking on a lurid green colour.
  4475 | D:6      | Reached XP level 7. HP: 50/50 MP: 6/13
  4475 | D:6      | Mutation became permanent: Your system is resistant to poisons. [Green Draconian growth]
  4672 | D:6      | Lost mutation: You tend to lose your temper in combat. [potion of cure mutation]
  4672 | D:6      | Lost mutation: You are resistant to electric shocks. [potion of cure mutation]
  4696 | D:6      | Reached skill level 5 in Spellcasting
  4747 | D:6      | Reached XP level 8. HP: 37/57 MP: 5/15
  4843 | D:6      | Found a staircase to the Ecumenical Temple.
  5241 | Temple   | Entered the Ecumenical Temple
  5482 | Temple   | Became a worshipper of Dithmenos the Shadowed
  5737 | D:6      | Gained mutation: You have supernaturally acute eyesight. [potion of mutation]
  5737 | D:6      | Gained mutation: You have a pair of small horns on your head. [potion of mutation]
  5737 | D:6      | Gained mutation: You are dopey. (Int -2) [potion of mutation]
  6158 | D:7      | Noticed Pikel
  6184 | D:7      | Killed Pikel
  6184 | D:7      | Reached skill level 10 in Ice Magic
  6184 | D:7      | Reached XP level 9. HP: 49/62 MP: 11/18
  6530 | D:7      | Found a snail-covered altar of Cheibriados.
  6638 | D:7      | Noticed Crazy Yiuf
  6646 | D:7      | Killed Crazy Yiuf
  6893 | D:8      | Noticed Gastronok
  7025 | D:8      | Found a stormy altar of Qazlal.
  7123 | D:8      | Reached * piety under Dithmenos
  7408 | D:9      | Noticed Mekire's ghost (novice FoAK)
  7432 | D:9      | Killed Mekire's ghost
  7692 | D:9      | Found a staircase to the Lair.
  7832 | D:9      | HP: 3/62 [blink frog (11)]
  8179 | D:9      | Reached XP level 10. HP: 69/69 MP: 1/21
  8220 | D:9      | Noticed Erica
  8316 | D:9      | Noticed a hill giant
  8354 | D:9      | Killed a hill giant
  8406 | D:9      | Killed Erica
  8675 | D:9      | Found an oddly glowing altar of Pakellas.
  8911 | D:9      | Reached ** piety under Dithmenos
  8934 | D:9      | Found a sparkling altar of Nemelex Xobeh.
  8939 | D:9      | Found an iron altar of Okawaru.
  8940 | D:9      | Found a shattered altar of Ashenzari.
  9779 | D:9      | Found a sacrificial altar of Ru.
  9799 | D:10     | Entered Level 10 of the Dungeon
  9827 | D:10     | Reached skill level 10 in Spellcasting
  9875 | D:10     | Gained mutation: Your natural rate of healing is unusually fast. [mutagenic meat]
  9876 | D:10     | Gained mutation: You occasionally shout uncontrollably at your foes. [mutagenic meat]
  9877 | D:10     | Gained mutation: You evolve. [mutagenic meat]
 10547 | D:10     | Got a crystal trident
 10548 | D:10     | Identified the cursed +1 trident of Bread {pain, rPois} (You found it on level 10 of the Dungeon)
 11066 | D:10     | Reached XP level 11. HP: 33/74 MP: 15/25
 11438 | D:11     | Noticed a hill giant
 11487 | D:11     | Killed a hill giant
 11668 | D:11     | Gained mutation: Your muscles are strong. (Str +2) [evolution]
 12124 | D:11     | Reached *** piety under Dithmenos
 12148 | D:11     | Got a transparent dagger
 12220 | D:11     | Identified the +9 dagger of Demonkind {freeze, +Inv Str+2} (You found it on level 11 of the Dungeon)
 12340 | D:11     | Learned a level 5 spell: Warp Weapon
 12769 | D:11     | HP: 1/74 [electric eel/bolt of electricity (12)]
 13573 | D:12     | Noticed a hill giant
 13604 | D:12     | Killed a hill giant
 13782 | D:12     | Gained mutation: Your large and strong wings let you fly indefinitely. [evolution]
 13839 | D:12     | Reached skill level 5 in Stealth
 13853 | D:12     | Reached **** piety under Dithmenos
 13856 | D:12     | Noticed Rupert
 13856 | D:12     | Noticed a skeletal warrior
 13856 | D:12     | Noticed a skeletal warrior
 13858 | D:12     | Noticed a skeletal warrior
 13870 | D:12     | HP: 3/74 [Rupert/battleaxe of holy wrath (3)]
 14424 | Lair:1   | Entered Level 1 of the Lair of Beasts
 14821 | Lair:1   | Reached skill level 1 in Short Blades
 15163 | Lair:1   | Reached XP level 12. HP: 63/81 MP: 28/28
 15513 | Lair:1   | Noticed a four-headed hydra
 15640 | Lair:2   | Learned a level 2 spell: Shroud of Golubria
 15730 | Lair:2   | Reached skill level 5 in Short Blades
 16223 | Lair:2   | Noticed a six-headed hydra
 16815 | Lair:3   | Reached ***** piety under Dithmenos
 16829 | Lair:3   | Gained mutation: You are resistant to hostile enchantments. [potion of mutation]
 17534 | Lair:3   | Got a brightly glowing mace
 17535 | Lair:3   | Identified the +9 mace of Untruth {crush, MR- MP+9 Dex-4 Stlth+} (You found it on level 3 of the Lair of Beasts)
 17886 | Lair:4   | Noticed Sonja
 17911 | Lair:4   | HP: 2/81 [blink frog (13)]
 17912 | Lair:4   | Slain by a blink frog

Vault maps used:
D:1:      scummos_arrival_gate
D:2:      lemuel_coloured_pillars_altar, ecumenical_altar_1
D:3:      kennysheep_doodads
D:4:      good_gods_mini_temple, first_bread
D:5:      kennysheep_mini_moat, grunt_ministairs_15, nemelex_dance_club_becter
D:6:      minmay_temple_entry_purple_smoke, grunt_decor_cap
D:7:      cheibriados_altar_1, the_bakery, minivault_14,
          uniq_crazy_yiuf_cottage, uniq_pikel
D:8:      lemuel_ratsnest, kiku_gazebo_pond_becter, grunt_qazlal_clouds,
          makhleb_altar_promises_db, uniq_gastronok, uniq_maurice
D:9:      nicolae_overflow_hidden_temple, gammafunk_temple_overflow_forgotten,
          dpeg_lair_monsters, basic_altar, grunt_ministairs_10, uniq_erica
D:11:     portal_ice_cave_entry_pillars_02
D:12:     erik_orc_4, uniq_rupert
Temple:   hc_temple_tempest_star
Lair:2:   beast_lair_carwin_6, serial_bayou_shore_b
Lair:3:   grunt_forest_large_clearings, grunt_megastairs_5,
          serial_bayou_shore_a, serial_bayou_shore_b
Lair:4:   nicolae_spider_entry_tight_spaces, uniq_sonja

Skill      XL: |  1  2  3  4  5  6  7  8  9 10 11 12 |
---------------+-------------------------------------+-----
Ice Magic      | 4 5 6 8 10 12 | 12.7
Spellcasting   | 3 4 5 6 7 10 12 | 12.0
Stealth        | 5 |  5.3
Dodging        | 4 |  4.9
Short Blades   | 3 8 |  8.5
Conjurations   | |  1.0

Action                   |  1- 3 |  4- 6 |  7- 9 | 10-12 || total
-------------------------+-------+-------+-------+-------++-------
Melee: Unarmed           |    26 |       |       |       ||    26
       Tailslap          |     4 |    12 |     1 |    87 ||   104
       Dagger            |    28 |       |       |   381 ||   409
       War axe           |    12 |   103 |     5 |       ||   120
       Headbutt          |       |       |     1 |   126 ||   127
       Trident           |       |       |       |    19 ||    19
       Great sword       |       |       |       |    70 ||    70
       Hunting sling     |       |       |       |     1 ||     1
       Mace              |       |       |       |    11 ||    11
 Fire: Hunting sling     |       |    36 |   351 |   297 ||   684
       Blowgun           |       |       |       |    38 ||    38
       Greatsling        |       |       |       |    18 ||    18
Throw: Stone             |       |       |       |     4 ||     4
 Cast: Freeze            |    46 |    42 |   179 |   301 ||   568
       Ozocubu's Armour  |       |     8 |    20 |    59 ||    87
       Summon Ice Beast  |       |       |     3 |     3 ||     6
 Abil: Breathe Noxious F |       |       |    15 |    33 ||    48
       Fly               |       |       |       |     1 ||     1
Evoke: Wand              |       |       |     1 |     4 ||     5
  Use: Scroll            |     5 |     3 |       |     5 ||    13
       Potion            |       |     1 |    11 |     2 ||    14
 Stab: Sleeping          |       |     1 |       |    24 ||    25
       Confused          |       |       |       |    14 ||    14
  Eat: Chunk             |     2 |    10 |    13 |    30 ||    55
       Beef jerky        |       |     1 |     1 |       ||     2
       Pizza             |       |       |     3 |     1 ||     4
       Fruit             |       |       |       |     3 ||     3
       Meat ration       |       |       |       |     1 ||     1
Armor: Skin              |    50 |    65 |    98 |   247 ||   460
Dodge: Dodged            |    78 |   123 |   184 |   690 ||  1075
Block: Buckler           |       |    26 |    52 |    66 ||   144
       Shield            |       |       |       |    51 ||    51
